 Dungeon Crawl Stone Soup version 0.28-a0-224-g76b539d98b (webtiles) character file.

Game seed: 8965135178825438812

4413 zdrol the Cleaver (level 10, -4/86 HPs)
             Began as a Minotaur Fighter on Aug 21, 2021.
             Slain by an iguana (9 damage)
             ... summoned by a kobold
             ... on level 7 of the Dungeon.
             The game lasted 00:33:36 (8540 turns).

zdrol the Cleaver (Minotaur Fighter)                Turns: 8540, Time: 00:33:36

Health: -4/86      AC: 16    Str: 28    XL:     10   Next: 14%
Magic:  9/9        EV:  9    Int:  5    God:
Gold:   719        SH:  0    Dex: 12    Spells: 9/9 levels left

rFire   . . .      SeeInvis .   g - +0 executioner's axe
rCold   . . .      Faith    .   (shield currently unavailable)
rNeg    . . .      Spirit   .   h - +2 chain mail
rPois   .          Reflect  .   (helmet restricted)
rElec   .          Harm     .   p - +2 cloak
rCorr   .          Rampage  .   (no gloves)
Will    .....                   (no boots)
Stlth   ..........              (no amulet)
HPRegen 0.24/turn               e - +6 ring of strength
MPRegen 0.11/turn               b - +4 ring of slaying

@: mighty, slowed, very slow
A: horns 2, retaliatory headbutt
a: no special abilities


You were on level 7 of the Dungeon.
You visited 1 branch of the dungeon, and saw 7 of its levels.
You also visited: Ossuary.

You collected 719 gold pieces.

Inventory:

Hand Weapons
 a - a +0 war axe
 g - a +0 executioner's axe (weapon)
 A - a +3 battleaxe
Missiles
 i - 20 poisoned darts (quivered)
 l - a throwing net
Armour
 c - a +0 kite shield
 h - a +2 chain mail (worn)
 p - a +2 cloak (worn)
Jewellery
 b - a +4 ring of slaying (right hand)
 e - a +6 ring of strength (left hand)
 k - a ring of protection from fire
 n - a ring of magical power
 o - a ring of protection from fire
 s - a ring of positive energy
Wands
 j - a wand of paralysis (8)
 r - a wand of flame (14)
 u - a wand of iceblast (6)
Scrolls
 m - a scroll of identify
 t - a scroll of amnesia
 w - a scroll of teleportation {unknown}
 y - 2 scrolls of noise {unknown}
 B - 2 scrolls of magic mapping
 D - a scroll of immolation {unknown}
 F - a scroll of vulnerability {unknown}
 G - a scroll of fear {unknown}
Potions
 d - 3 potions of might
 f - 3 potions of curing
 q - 2 potions of haste {unknown}
 v - a potion of cancellation {unknown}
 x - 2 potions of flight {unknown}
 z - a potion of attraction {unknown}
 C - 3 potions of brilliance
 E - 3 potions of lignification {unknown}


   Skills:
 + Level 7.3 Fighting
 + Level 12.5 Axes
 + Level 0.9 Throwing
 + Level 8.7 Armour
 + Level 2.7 Dodging
 + Level 1.1 Stealth
 + Level 6.9 Shields


You had 9 spell levels left.
You didn't know any spells.
Your spell library contained the following spells:

 Spells                   Type           Power      Damage    Failure   Level
 Magic Dart               Conj           0%         1d3       94%         1
 Searing Ray              Conj           0%         3d3       98%         2
 Cause Fear               Hex            0%         N/A       100%        4
 Fulminant Prism          Conj/Hex       0%         3d6       100%        4
 Iskenderun's Mystic Bla  Conj/Tloc      0%         2d3       100%        4
 Lee's Rapid Deconstruct  Erth           0%         3d5*      100%        5
 Dragon Form              Tmut           0%         N/A       100%        7
 Dragon's Call            Summ           0%         N/A       100%        9


Dungeon Overview and Level Annotations

Branches:
Dungeon (7/15)             Temple (0/1) D:7         Ossuary (visited)

Altars:
Dithmenos
Fedhas
Qazlal
Ru
Wu Jian
Xom


Innate Abilities, Weirdness & Mutations

You have a pair of horns on your head.
You reflexively headbutt those who attack you in melee.


Message History

The kobold brigand throws a curare-tipped dart.
The curare-tipped dart hits you.
You are poisoned.
You have difficulty breathing.
You feel yourself slow down.
The kobold throws a stone.
The stone hits you but does no damage.
Throw: 21 darts (poison)
Press: ? - help, Q - select action, (/) - cycle Shift-Dir - straight line, f - kobold brigand
Aim: a kobold brigand, wielding the +7 great sword "Uhie" {vorpal, rF++ rC+}, wearing a +0 leather armour, wearing a ring of flight and quivering curare-tipped darts (58% to hit)
You throw a poisoned dart.
The poisoned dart hits the kobold brigand.
The kobold brigand is poisoned.
You feel very sick.
You feel better.
The kobold brigand hits you but does no damage.
The ufetubus closely misses you. The ufetubus barely misses you.
You hit the kobold brigand.
Your headbutt misses the kobold brigand.
The kobold brigand is lightly wounded.
You closely miss the ufetubus. The ufetubus misses you.
You furiously retaliate!
You headbutt the ufetubus.
The ufetubus hits you but does no damage.
The kobold brigand hits you with the +7 great sword "Uhie" {vorpal, rF++ rC+}!
The ufetubus misses you. You furiously retaliate!
You headbutt the ufetubus.
You kill the ufetubus!
The kobold brigand hits you with the +7 great sword "Uhie" {vorpal, rF++ rC+}.
The iguana bites you!
You hit the kobold brigand but do no damage.
The kobold brigand is lightly wounded.
Your chain mail prevents you from hitting the iguana.
The kobold brigand looks more healthy.
The kobold brigand hits you with the +7 great sword "Uhie" {vorpal, rF++ rC+}!
The iguana bites you but does no damage.
The kobold brigand hits you with the +7 great sword "Uhie" {vorpal, rF++ rC+}!!
* * * LOW HITPOINT WARNING * * *
x2 The iguana barely misses you.
You feel very mighty all of a sudden.
The kobold brigand hits you with the +7 great sword "Uhie" {vorpal, rF++ rC+}.
* * * LOW HITPOINT WARNING * * *
x2 The iguana bites you!
You die...

.......................# #....
.............Y.........##########
.............................#
'#####'#####'###.............#
)..##...##.....#Y............#
.#.#.###.#####.#K............#
...'#...#'.....KKK...........####
.#.#.###.#.#####l###########.....
...##...##.....#@K..#......#.....
'#####'#####'###....#......#.....
...#}..#.#...#.#....#............
##.#})[..#..#.##....'............
#.#'..#..'.).#.'....##....#######
#.##..)}}#..#.##....##....#.....#
.###.#..)#...#.#....##....#.....#
'#####'#####)###.##'##....#.._..#
##.#.....#.....#..........#.....#


You could see an ice beast (summoned), a kobold brigand, an iguana (summoned)
and 4 kobolds.

Vanquished Creatures
  An unseen horror (D:7)
  A troll (D:7)
  A shadow (D:7)
  2 wyverns (D:7)
  A wraith (D:7)
  Eustachio (D:4)
  2 black bears
  3 sky beasts
  4 necrophages
  3 ogres
  3 phantoms
  4 centaurs
  A gnoll sergeant (D:7)
  A bullfrog (D:7)
  2 scorpions
  10 wights
  3 hounds (D:5)
  A bullfrog zombie (D:5)
  2 centaur skeletons (D:7)
  2 orc priests (D:5)
  A bullfrog skeleton (D:7)
  3 orc wizards (D:7)
  2 gnoll shamans
  2 iguanas
  A hound zombie (D:5)
  9 mummies
  12 gnolls
  2 river rats (D:3)
  10 adders
  A white imp (D:7)
  3 ufetubi
  4 worms
  A dart slug (D:3)
  8 orcs
  3 bats
  5 endoplasms
  3 giant cockroaches
  A gnoll zombie (Ossuary)
  10 hobgoblins
  6 jackals (D:1)
  3 kobolds
  8 quokkas
  9 ball pythons
  3 frilled lizards
  9 goblins
  3 hobgoblin zombies (Ossuary)
  2 kobold zombies (Ossuary)
  2 orc zombies (Ossuary)
  10 rats
184 creatures vanquished.

Vanquished Creatures (others)
  6 plants (D:3)
  3 toadstools (D:6)
9 creatures vanquished.

Grand Total: 193 creatures vanquished

Notes
Turn   | Place    | Note
-------+----------+-------------------------------------------
     0 | D:1      | zdrol the Minotaur Fighter began the quest for the Orb.
     0 | D:1      | Reached XP level 1. HP: 19/19 MP: 0/0
   143 | D:1      | Reached XP level 2. HP: 27/27 MP: 1/1
   896 | D:1      | Found a faded altar of an unknown god.
  1018 | D:1      | Reached XP level 3. HP: 33/33 MP: 2/2
  1529 | D:2      | Reached skill level 3 in Axes
  2170 | D:3      | Reached XP level 4. HP: 40/40 MP: 3/3
  2244 | D:3      | Noticed a necrophage
  2250 | D:3      | Killed a necrophage
  2251 | D:3      | Reached skill level 4 in Axes
  2251 | D:3      | Reached XP level 5. HP: 47/47 MP: 4/4
  2260 | D:3      | You fall into a shaft and drop 1 floor!
  2426 | D:3      | Found a stormy altar of Qazlal.
  2711 | D:3      | Reached skill level 5 in Axes
  3031 | D:3      | Reached XP level 6. HP: 53/53 MP: 5/5
  3278 | D:4      | Noticed Eustachio
  3313 | D:4      | Killed Eustachio
  3314 | D:4      | Reached skill level 6 in Axes
  3314 | D:4      | Reached skill level 5 in Armour
  3314 | D:4      | Reached skill level 1 in Dodging
  3554 | D:4      | Reached skill level 5 in Shields
  3723 | D:4      | Reached XP level 7. HP: 60/60 MP: 6/6
  3905 | D:4      | Reached skill level 7 in Axes
  4044 | D:4      | Reached skill level 5 in Fighting
  4050 | D:4      | You fall into a shaft and drop 1 floor!
  4050 | D:5      | Entered Level 5 of the Dungeon
  4065 | D:5      | Found a shadowy altar of Dithmenos.
  4255 | D:5      | Reached skill level 8 in Axes
  4255 | D:5      | Reached XP level 8. HP: 68/68 MP: 7/7
  4885 | D:5      | Reached skill level 9 in Axes
  5191 | D:6      | Found a sand-covered staircase.
  5199 | Ossuary  | Entered an ossuary
  6362 | D:6      | Reached skill level 10 in Axes
  6364 | D:6      | Reached XP level 9. HP: 62/75 MP: 8/8
  6754 | D:7      | Found a blossoming altar of Fedhas.
  7458 | D:7      | Found a sacrificial altar of Ru.
  7523 | D:7      | Found a staircase to the Ecumenical Temple.
  7660 | D:7      | Found a shimmering altar of Xom.
  7761 | D:7      | Found an ornate altar of the Wu Jian Council.
  7840 | D:7      | Reached skill level 11 in Axes
  7950 | D:7      | Reached skill level 1 in Stealth
  8010 | D:7      | Reached skill level 12 in Axes
  8102 | D:7      | Reached XP level 10. HP: 58/86 MP: 9/9
  8524 | D:7      | Identified the +7 great sword "Uhie" {vorpal, rF++ rC+}
  8540 | D:7      | Slain by an iguana

Illustrated notes

Levels and vault maps discovered:
D:1:      dpeg_arrival_morbid_curiosity, layout_basic,
          ebering_ecumenical_altar_sacrificial, serial_glass, glass_columns_b,
          glass_columns_a, corner_web_ring, dk_noncrumbling_3, minmay_cut_off
D:2:      layout_rooms, chequers_serial_rivers_large_b, grunt_ministairs_9
D:3:      minmay_chambers_of_threes, layout_loops_ring,
          nicolae_qazlal_eye_of_the_storm, lightli_sewer_entry_pipes,
          kennysheep_boxes
D:4:      layout_basic, uniq_eustachio
D:5:      layout_basic, nicolae_dithmenos_shadow_blocks
D:6:      layout_cave_pods, gup_ossuary_entry_pyramid, minmay_gold_behind_fungi
D:7:      minmay_the_grid_square_5x5_3x3 [minmay_the_grid_square_5x5_trominoes,
          minmay_the_grid_square_5x5_two_walls_b,
          minmay_the_grid_square_5x5_misaligned,
          minmay_the_grid_square_5x5_half_checkered,
          minmay_the_grid_square_5x5_megaprize_crossed,
          minmay_the_grid_square_5x5_seven, minmay_the_grid_square_5x5_two,
          minmay_the_grid_square_5x5_eight_small,
          minmay_the_grid_square_5x5_checkered_sparse], layout_gridville,
          mainiacjoe_overflow_tiny_flanked, amcnicky_altar_gilded,
          nzn_wu_jian_council_hall, fedhas_bush_and_centaur_altar,
          minmay_temple_entry_stoned_glass, hangedman_abyss_or_decor_passed

Skill      XL: |  1  2  3  4  5  6  7  8  9 |
---------------+----------------------------+-----
Shields        | 4 5 6 |  6.9
Armour         | 4 5 6 7 8 |  8.7
Fighting       | 4 5 6 7 |  7.3
Axes           | 3 4 5 6 8 10 12 | 12.5
Dodging        | 1 2 |  2.7
Stealth        | 1 |  1.1
Throwing       | |  0.9

Action                   |  1- 3 |  4- 6 |  7- 9 | 10-12 || total
-------------------------+-------+-------+-------+-------++-------
Melee: War axe           |    70 |    92 |   116 |       ||   278
       Headbutt          |     7 |    17 |    57 |     1 ||    82
       Executioner's axe |       |       |    67 |    11 ||    78
Throw: Dart              |       |       |     1 |     1 ||     2
  Use: Scroll            |     5 |       |     9 |       ||    14
       Potion            |       |       |     4 |     2 ||     6
Armor: Scale mail        |    23 |       |       |       ||    23
       Chain mail        |    20 |    40 |   107 |    31 ||   198
Dodge: Dodged            |    27 |    20 |    91 |    10 ||   148
Block: Kite shield       |    43 |    33 |    65 |       ||   141

Table legend: (Time is in decaauts)
 A = Elapsed time spent in this place.
 B = Non-inter-level travel time spent in this place.
 C = Inter-level travel time spent in this place.
 D = Time resting spent in this place.
 E = Time spent auto-exploring this place.
 F = Levels seen in this place.
 G = Mean time per level.
                   A        B        C        D        E       F      G
               +--------+--------+--------+--------+--------+-----+--------+
         Total |   8774 |   8774 |      0 |   1295 |   3002 |   8 | 1096.8 |
       Dungeon |   8557 |   8557 |      0 |   1295 |   3002 |   7 | 1222.4 |
       Ossuary |    217 |    217 |      0 |      0 |      0 |   1 |  217.0 |
               +--------+--------+--------+--------+--------+-----+--------+

Top non-repeatable levels by time:
     D:7: 1844 daAuts
     D:1: 1402 daAuts
     D:6: 1352 daAuts
     D:4: 1224 daAuts
     D:3: 1135 daAuts
     D:5: 838 daAuts
     D:2: 759 daAuts
 Ossuary: 217 daAuts
